 Dungeon Crawl Stone Soup version 0.28-a0-863-g8cecda6153 (webtiles) character file.

Game seed: 15141005560597951037

4564 Froggeryz the Basher (level 10, -16/56 HPs)
             Began as a Gargoyle Enchanter on Nov 17, 2021.
             Was a Priest of Okawaru.
             Demolished by a two-headed ogre (25 damage)
             ... on level 9 of the Dungeon.
             The game lasted 00:15:26 (15505 turns).

Froggeryz the Basher (Gargoyle Enchanter)          Turns: 15505, Time: 00:15:27

Health: -16/56     AC: 17    Str: 15    XL:     10   Next: 40%
Magic:  12/13      EV:  9    Int: 16    God:    Okawaru [***...]
Gold:   184        SH:  4    Dex: 10    Spells: 13/13 levels left

rFire   + . .      SeeInvis .   a - +1 mace
rCold   . . .      Faith    .   e - +0 buckler
rNeg    + . .      Spirit   .   y - +0 scale mail
rPois   ∞          Reflect  .   m - +1 helmet
rElec   +          Harm     .   z - +0 cloak
rCorr   .          Rampage  .   (no gloves)
Will    +....                   (no boots)
Stlth   +.........              (no amulet)
HPRegen 0.18/turn               d - ring of protection from fire
MPRegen 0.13/turn               f - ring of willpower

@: no status effects
A: sickness immunity, AC +7, negative energy resistance 1, electricity
resistance, torment resistance 1, petrification resistance
a: Renounce Religion, Heroism


You were on level 9 of the Dungeon.
You worshipped Okawaru.
Okawaru was most pleased with you.
You visited 2 branches of the dungeon, and saw 10 of its levels.

You collected 369 gold pieces.
You spent 185 gold pieces at shops.

Inventory:

Hand Weapons
 a - a +1 mace (weapon)
Missiles
 g - 50 poisoned darts (quivered)
Armour
 e - a +0 buckler (worn)
 m - a +1 helmet (worn)
 y - a +0 scale mail (worn)
 z - a +0 cloak (worn)
 C - a +0 plate armour
Jewellery
 d - a ring of protection from fire (left hand)
 f - a ring of willpower (right hand)
 l - a ring of fire
 D - a ring of willpower
Wands
 i - a wand of digging (4)
 r - a wand of flame (18)
Scrolls
 j - a scroll of enchant weapon
 k - 2 scrolls of enchant armour
 n - 5 scrolls of teleportation
 u - a scroll of blinking
 v - a scroll of immolation
 x - a scroll of magic mapping
 B - a scroll of amnesia {unknown}
Potions
 b - a potion of lignification {unknown}
 c - a potion of invisibility
 h - 2 potions of heal wounds {unknown}
 o - 3 potions of attraction {unknown}
 p - 2 potions of curing {unknown}
 s - a potion of brilliance {unknown}
 t - a potion of resistance {unknown}
 w - a potion of ambrosia
 A - a potion of haste {unknown}


   Skills:
 - Level 3.0 Fighting
 - Level 0.8 Short Blades
 * Level 12.6 Maces & Flails
 + Level 4.4 Throwing
 - Level 3.2 Armour
 - Level 1.5 Dodging
 - Level 3.2 Stealth
 - Level 4.0 Shields
 - Level 2.0 Spellcasting
 - Level 2.6 Hexes


You had 13 spell levels left.
You didn't know any spells.
Your spell library contained the following spells:

 Spells                   Type           Power      Damage    Failure   Level
 Ensorcelled Hibernation  Hex/Ice        10%        N/A       56%         2
 Foxfire                  Conj/Fire      4%         2x1d4     61%         1
 Confusing Touch          Hex            10%        N/A       61%         3
 Scorch                   Fire           2%         2d5       75%         2
 Dazzling Flash           Conj/Hex       10%        N/A       80%         3
 Inner Flame              Hex/Fire       5%         N/A       80%         3
 Conjure Flame            Conj/Fire      1%         6-21      93%         3
 Flame Wave               Conj/Fire      1%         3d3       100%        4
 Blade Hands              Tmut           0%         N/A       100%        5
 Irradiate                Conj/Tmut      0%         3d13      100%        5
 Dragon Form              Tmut           0%         N/A       100%        7
 Orb of Destruction       Conj           0%         N/A       100%        7
 Tukima's Dance           Hex            Unusable   N/A       N/A         3
 Summon Guardian Golem    Hex/Summ       Unusable   N/A       N/A         3
 Summon Cactus Giant      Summ           Unusable   N/A       N/A         6
 Spellforged Servitor     Conj/Summ      Unusable   N/A       N/A         7

Dungeon Overview and Level Annotations

Branches:
Dungeon (9/15)             Temple (1/1) D:6
   Lair: D:8-11         Orc: D:9-12

Altars:
Ashenzari
Cheibriados
Dithmenos
Elyvilon
Fedhas
Gozag
Kikubaaqudgha
Makhleb
Nemelex Xobeh
Okawaru
Qazlal
Sif Muna
Trog
Uskayaw
Vehumet
Wu Jian
Xom
Yredelemnul
Zin
The Shining One

Shops:
D:1 *   D:9 *


Innate Abilities, Weirdness & Mutations

You are immune to sickness and miasma.
Your stone body is resilient. (AC +7)
You are immune to poison.
You resist negative energy. (rN+)
You are resistant to electric shocks. (rElec)
You are resistant to unholy torment.
You are immune to petrification.


Message History

The two-headed ogre closely misses you. You block the two-headed ogre's attack.
You barely miss the two-headed ogre.
The two-headed ogre is heavily wounded.
You hit the two-headed ogre.
The two-headed ogre is heavily wounded.
The two-headed ogre barely misses you. x2
You barely miss the two-headed ogre.
The two-headed ogre is heavily wounded.
You sock the two-headed ogre!
The two-headed ogre is severely wounded.
The two-headed ogre hits you with a +0 giant club! x2
You are too injured to fight recklessly!
You are too injured to fight recklessly!
You are too injured to fight recklessly!
You are too injured to fight recklessly!
You are too injured to fight recklessly!
You are too injured to fight recklessly!
You are too injured to fight recklessly!
You are too injured to fight recklessly!
You are too injured to fight recklessly!
You are too injured to fight recklessly!
You are too injured to fight recklessly!
You are too injured to fight recklessly!
You are too injured to fight recklessly!
You are too injured to fight recklessly!
You are too injured to fight recklessly!
You hit the two-headed ogre.
The two-headed ogre is severely wounded.
You hit the two-headed ogre.
The two-headed ogre is severely wounded.
The two-headed ogre closely misses you.
The two-headed ogre hits you with a +0 giant club!
* * * LOW HITPOINT WARNING * * *
You completely miss the two-headed ogre.
The two-headed ogre is severely wounded.
You feel like a meek peon again.
You hit the two-headed ogre but do no damage.
The two-headed ogre is severely wounded.
The two-headed ogre hits you with a +0 giant club!!
You die...

#......# #..........'.#
## #......#
#..........#)# #.
#....O.
#..........#†#####.
#.....
#..........#..).)..
#....
#..........######.. ...
#..........# #.# ##'#
#!{........# #.# #..#
#O######### ##.# #.##
#@# #..# ###'#######
#.## #.## #.........#
#..## ####.##
#.........#### ##..#
#......
#.........'..#####.####
###......
#.........##.##.......#
#........
#.........##..#.......#
#.#......
#.........###.#.......#
#.#...... #.........#
#.........###.#......


You could see a two-headed ogre.

Vanquished Creatures
  A two-headed ogre (D:9)
  2 trolls (D:9)
  A hornet (D:9)
  A wraith (D:9)
  A steam dragon (D:8)
  Menkaure (D:7)
  2 water moccasins
  An orc warrior (D:8)
  A black bear (D:6)
  2 necrophages
  3 ogres
  2 sky beasts (D:7)
  2 centaurs (D:8)
  A wyvern zombie (D:8)
  2 kobold brigands
  A gnoll sergeant (D:9)
  2 scorpions (D:5)
  A water moccasin zombie (D:5)
  A wyvern skeleton (D:6)
  11 killer bees
  6 howler monkeys
  A bullfrog zombie (D:7)
  3 orc priests
  3 hounds
  A bullfrog skeleton (D:7)
  An iguana (D:5)
  4 orc wizards
  A killer bee zombie (D:8)
  A hound zombie (D:5)
  2 hound skeletons
  5 adders
  3 gnolls (D:9)
  A white imp (D:6)
  2 ufetubi
  An adder skeleton (D:4)
  4 worms
  2 dart slugs (D:1)
  15 orcs
  8 ball pythons
  11 endoplasms
  4 giant cockroaches
  6 goblins
  8 hobgoblins
  5 jackals
  3 quokkas
  9 bats
  7 frilled lizards
  17 kobolds
  4 rats
177 creatures vanquished.

Notes
Turn   | Place    | Note
-------+----------+-------------------------------------------
     0 | D:1      | Froggeryz the Gargoyle Enchanter began the quest for the
                  | Orb.
     0 | D:1      | Reached XP level 1. HP: 10/10 MP: 3/3
    40 | D:1      | Reached skill level 1 in Fighting
   366 | D:1      | Reached XP level 2. HP: 14/17 MP: 5/5
   370 | D:1      | Found Publuod's Assorted Antiques.
  1080 | D:1      | Reached XP level 3. HP: 18/22 MP: 6/6
  1894 | D:1      | Bought a scroll labelled WUTAIS QIST for 18 gold pieces
  1894 | D:1      | Bought a scroll labelled WYHUJE RIAMN for 18 gold pieces
  1943 | D:2      | Reached skill level 1 in Maces & Flails
  2403 | D:2      | Reached XP level 4. HP: 20/28 MP: 7/7
  2870 | D:2      | Found a faded altar of an unknown god.
  2886 | D:2      | Reached skill level 2 in Maces & Flails
  2886 | D:2      | Reached skill level 1 in Armour
  4197 | D:3      | Reached XP level 5. HP: 32/32 MP: 8/8
  4315 | D:1      | Bought a bubbling silvery potion for 16 gold pieces
  4315 | D:1      | Bought a scroll labelled JUICRA RAKHLE for 18 gold pieces
  4315 | D:1      | Bought a scroll labelled JUICRA RAKHLE for 18 gold pieces
  4315 | D:1      | Bought a glowing yellow potion for 16 gold pieces
  4469 | D:3      | Reached skill level 3 in Maces & Flails
  5015 | D:4      | Noticed a phantom
  5315 | D:4      | Found a shimmering blue altar of Sif Muna.
  5350 | D:4      | Found a stormy altar of Qazlal.
  5709 | D:5      | Entered Level 5 of the Dungeon
  5775 | D:5      | Reached skill level 4 in Maces & Flails
  5775 | D:5      | Reached XP level 6. HP: 19/37 MP: 9/9
  6000 | D:5      | Found a shadowy altar of Dithmenos.
  6235 | D:5      | Noticed a water moccasin
  6255 | D:5      | HP: 1/37 [water moccasin (6)]
  6272 | D:5      | Killed a water moccasin
  6273 | D:5      | Reached skill level 5 in Maces & Flails
  6273 | D:5      | Reached XP level 7. HP: 39/41 MP: 10/10
  6822 | D:5      | Reached skill level 6 in Maces & Flails
  7691 | D:6      | Reached skill level 7 in Maces & Flails
  7873 | D:6      | Found a staircase to the Ecumenical Temple.
  7963 | Temple   | Entered the Ecumenical Temple
  8028 | Temple   | Became a worshipper of Warmaster Okawaru
  8103 | D:6      | Reached XP level 8. HP: 10/46 MP: 11/11
  8749 | D:6      | Reached skill level 8 in Maces & Flails
  9664 | D:7      | Noticed Menkaure
  9677 | D:7      | Killed Menkaure
  9677 | D:7      | Reached * piety under Okawaru
  9678 | D:7      | Reached skill level 9 in Maces & Flails
 10131 | D:7      | Reached skill level 10 in Maces & Flails
 10264 | D:1      | Bought a buckler for 81 gold pieces
 10394 | D:7      | Reached XP level 9. HP: 45/50 MP: 12/12
 10707 | D:7      | Found an ornate altar of the Wu Jian Council.
 10800 | D:7      | Found a broken altar of Ashenzari.
 11912 | D:8      | Reached ** piety under Okawaru
 11999 | D:8      | Reached skill level 1 in Throwing
 12139 | D:8      | Noticed a two-headed ogre
 12660 | D:8      | Reached skill level 11 in Maces & Flails
 13260 | D:8      | Found a hide-covered altar of Uskayaw.
 13555 | D:9      | Noticed a two-headed ogre
 13989 | D:9      | Noticed a troll
 14018 | D:9      | Killed a troll
 14019 | D:9      | Reached XP level 10. HP: 35/56 MP: 13/13
 14139 | D:9      | Found Ulyfod's Assorted Antiques.
 14208 | D:9      | Reached skill level 12 in Maces & Flails
 14446 | D:9      | Noticed a two-headed ogre
 14473 | D:9      | Killed a two-headed ogre
 14473 | D:9      | Reached *** piety under Okawaru
 14478 | D:9      | HP: 2/56 [killer bee (2)]
 15505 | D:9      | Demolished by a two-headed ogre

Illustrated notes

Levels and vault maps discovered:
D:1:      saegor_arrival_simple_d, layout_basic, serial_shops, shop
D:2:      layout_basic, nicolae_ecumenical_lake_church, minmay_door_square
D:3:      layout_loops_ring
D:4:      layout_basic, mainiacjoe_overflow_24_doors, mainiacjoe_overflow_paths,
          minmay_close_crescents
D:5:      layout_gridville, general_overflow_altar
D:6:      layout_basic, temple_green
D:7:      layout_basic, old_standard_altar, mainiacjoe_overflow_alcove_4,
          uniq_menkaure
D:8:      layout_cave_pods, nicolae_uskayaw_suspiria, eino_jars
D:9:      layout_roguey, nzn_hepliaklqana_mist_gate, serial_shops,
          nicolae_shop_behind_doors
Temple:   eino_temple_lava

Skill      XL: |  1  2  3  4  5  6  7  8  9 10 |
---------------+-------------------------------+-----
Fighting       | 1 2 3 |  3.0
Maces & Flails | 1 2 4 5 7 10 11 12 | 12.6
Armour         | 1 2 3 |  3.2
Shields        | 4 |  4.0
Throwing       | 3 4 |  4.4
Short Blades   | |  0.8
Dodging        | |  1.5
Stealth        | |  3.2
Spellcasting   | |  2.0
Hexes          | |  2.6

Action                   |  1- 3 |  4- 6 |  7- 9 | 10-12 || total
-------------------------+-------+-------+-------+-------++-------
Melee: Dagger            |    82 |       |       |       ||    82
       Whip              |    63 |       |       |       ||    63
       Mace              |    35 |   288 |   550 |    84 ||   957
Throw: Dart              |       |     4 |    68 |    25 ||    97
       Throwing net      |       |       |       |     2 ||     2
Invok: Heroism           |       |       |     1 |     1 ||     2
Evoke: Wand              |       |       |     1 |       ||     1
  Use: Scroll            |     2 |     4 |     6 |     1 ||    13
       Potion            |       |     1 |       |       ||     1
 Stab: Sleeping          |     1 |     3 |       |       ||     4
       Held in net/web   |       |       |       |     2 ||     2
Armor: Robe              |    31 |       |       |       ||    31
       Ring mail         |    52 |   168 |   109 |       ||   329
       Scale mail        |       |       |   253 |    32 ||   285
Dodge: Dodged            |   130 |   161 |   290 |    40 ||   621
Block: Buckler           |       |       |    51 |    14 ||    65

Table legend: (Time is in decaauts)
 A = Elapsed time spent in this place.
 B = Non-inter-level travel time spent in this place.
 C = Inter-level travel time spent in this place.
 D = Time resting spent in this place.
 E = Time spent auto-exploring this place.
 F = Levels seen in this place.
 G = Mean time per level.
                   A        B        C        D        E       F      G
               +--------+--------+--------+--------+--------+-----+--------+
         Total |  15580 |  14726 |    854 |   5646 |   6518 |  10 | 1558.0 |
       Dungeon |  15503 |  14662 |    841 |   5646 |   6466 |   9 | 1722.6 |
        Temple |     77 |     64 |     13 |      0 |     52 |   1 |   77.0 |
               +--------+--------+--------+--------+--------+-----+--------+

Top non-repeatable levels by time:
     D:8: 2341 daAuts
     D:1: 2033 daAuts
     D:2: 1964 daAuts
     D:6: 1892 daAuts
     D:5: 1785 daAuts
     D:9: 1650 daAuts
     D:7: 1541 daAuts
     D:3: 1206 daAuts
     D:4: 1088 daAuts
  Temple: 77 daAuts
